 Dungeon Sprint DCSS version 0.29-a0-1033-gb6c65ffae6 (webtiles) character file.

Game seed: 14724104608353957325

6490 mhtbhm the Sorcerer (level 10, -2/52 HPs)
             Began as a Deep Elf Fire Elementalist on Aug 14, 2022.
             Was the Champion of Vehumet.
             Slain by a dire elephant (10 damage)
             ... in the Dungeon (Sprint III: "The Ten Rune Challenge").
             The game lasted 00:07:39 (2190 turns).

mhtbhm the Sorcerer (Deep Elf Fire Elementalist)    Turns: 2190, Time: 00:07:40

Health: -2/52      AC:  6    Str:  5    XL:     10   Next: 68%
Magic:  31/37      EV: 14    Int: 25    God:    Vehumet [******]
Gold:   91         SH:  0    Dex: 15    Spells: 14/52 levels left

rFire   . . .      SeeInvis .   (no weapon)
rCold   . . .      Faith    .   (no shield)
rNeg    . . .      Spirit   .   a - +0 robe
rPois   +          Reflect  .   (no helmet)
rElec   .          Harm     .   (no cloak)
rCorr   .          Rampage  .   (no gloves)
Will    ++...      NoTele   +   (no boots)
Stlth   +++.......              (no amulet)
HPRegen 0.17/turn               r - +4 ring of protection
MPRegen 0.25/turn               u - ring of willpower

@: flying
A: poison resistance, screaming 1
a: Renounce Religion


You were in the Dungeon.
You worshipped Vehumet.
Vehumet was exalted by your worship.
You visited 1 branch You collected 91 gold pieces.

Inventory:

Armour
 a - a +0 robe (worn)
Jewellery
 q - a ring of ice
 r - a +4 ring of protection (left hand)
 u - a ring of willpower (right hand)
Wands
 h - a wand of polymorph (9)
 p - a wand of paralysis (7)
Scrolls
 g - 2 scrolls of blinking
 i - a scroll of torment {unknown}
 j - 2 scrolls of identify {unknown}
 m - a scroll of poison {unknown}
 s - a scroll of fear {unknown}
 v - a scroll of acquirement {unknown}
 w - a scroll of butterflies {unknown}
Potions
 b - 3 potions of magic
 c - a potion of curing
 e - a potion of attraction {unknown}
 f - 2 potions of berserk rage
 k - a potion of resistance {unknown}
 l - a potion of flight
 n - 2 potions of might
 o - 2 potions of mutation
 t - 2 potions of brilliance {unknown}
Miscellaneous
 d - a condenser vane


   Skills:
 + Level 1.2 Fighting
 + Level 6.0 Dodging
 + Level 5.5 Stealth
 + Level 21.6 Spellcasting
 + Level 9.2 Conjurations
 + Level 17.9 Fire Magic


You had 14 spell levels left.
You knew the following spells:

 Your Spells              Type           Power      Damage    Failure   Level
a - Foxfire               Conj/Fire      100%       2x1d9     0%          1
b - Scorch                Fire           100%       2d10      0%          2
c - Conjure Flame         Conj/Fire      76%        6-21      0%          3
d - Inner Flame           Hex/Fire       64%        N/A       1%          3
e - Flame Wave            Conj/Fire      76%        2d17      1%          4
f - Fireball              Conj/Fire      38%        3d16      1%          5
g - Poisonous Vapours     Pois/Air       54%        N/A       1%          2
h - Starburst             Conj/Fire      38%        6d11      1%          6
i - Ignition              Fire           43%        3d12      1%          8
j - Iskenderun's Mystic   Conj/Tloc      50%        2d11      1%          4

Your spell library contained the following spells:

 Spells                   Type           Power      Damage    Failure   Level
 Irradiate                Conj/Tmut      25%        3d20      1%          5
 Ensorcelled Hibernation  Hex/Ice        54%        N/A       2%          2
 Spider Form              Tmut/Pois      27%        N/A       4%          3
 Anguish                  Hex/Necr       13%        N/A       16%         4


Dungeon Overview and Level Annotations

Branches:
Dungeon (1/1)

Altars:
Cheibriados
Dithmenos
Elyvilon
Fedhas
Gozag
Hepliaklqana
Kikubaaqudgha
Makhleb
Nemelex Xobeh
Okawaru
Qazlal
Ru
Sif Muna
Trog
Uskayaw
Vehumet
Wu Jian
Xom
Yredelemnul
Zin
The Shining One
Jiyva
Lugonu


Innate Abilities, Weirdness & Mutations

Your system is resistant to poisons. (rPois)
You occasionally shout uncontrollably at your foes.


Message History

The dire elephant is lightly wounded.
The flame wave engulfs the plant.
The plant is heavily damaged.
The flame wave engulfs the elephant!
The elephant is severely wounded.
The flame wave engulfs the elephant!
The elephant is severely wounded.
The flame wave engulfs the plant!!
The plant is moderately damaged.
You finish channelling waves of flame.
You are engulfed in a cloud of scalding steam.
A nearby plant withers and dies.
The dire elephant tramples you.
You hold your ground!
The dire elephant barely misses you.
Unknown command.
Unknown command.
Casting: Flame Wave (safe; 1% risk of failure)
Confirm with . or Enter, or press ? or * to list all spells.
Casting: Flame Wave (safe; 1% risk of failure)
Press: ? - help, Dir - look around, f - activate
Okay, then.
Okay, then.
Okay, then.
Press: ? - help, v - describe, . - travel Some shallow water.
There is a cloud of steam here.
Okay, then.
Okay, then.
Okay, then.
You feel very buoyant.
You fly up into the air.
You are engulfed in a cloud of scalding steam.
* * * LOW HITPOINT WARNING * * *
The dire elephant tramples you.
* * * LOW HITPOINT WARNING * * *
You are shoved backwards!
The dire elephant is engulfed in a cloud of scalding steam.
The dire elephant tramples you.
* * * LOW HITPOINT WARNING * * *
You hold your ground!
The dire elephant trunk-slaps you!
You die...

▓#.####.##..###...'.⌠...
▓.###÷.##..####...#...##
▓#.....##..###....#.⌠.#_
###..##...##.....#...#_
##..##....#......#)###_
#..###..##.#.....#)..#_
#).# #.)#####....#___#_
▓▓▓▓▓▓▓▓▓▓▓▓▓▓▓▓▓▓▓▓▓▓▓
▓..Y'Y@§§≈~≈.~♣♣.......
▓..Y#Y§§§§§~~~♣♣.≈≈≈≈'.
▓.P #§§§§§§~≈≈~†.....#÷
▓. #≈≈§§§§~~~♣♣♣♣♣♣♣#. ▓
#~≈≈.§~~~≈♣ ##
####+###### ♣♣♣ ♣.. ♣♣.
♣.


You could see 2 dire elephants and 2 elephants.

Vanquished Creatures
  Erolcha (D)
  A deep elf pyromancer (D)
  2 cane toads (D)
  A rime drake (D)
  A komodo dragon (D)
  3 wandering mushrooms (D)
  2 tyrant leeches (D)
  5 blink frogs (D)
  A shadow (D)
  3 redbacks (D)
  A spatial vortex (D)
  2 hydra simulacra (D)
  A swamp drake (D)
  2 black mamba simulacra (D)
  5 two-headed ogres (D)
  A necrophage (D)
  A water elemental (D)
  A jelly (D)
  Jessica (D)
  A wizard (D)
  A necromancer (D)
  A kobold demonologist (D)
  3 humans (D)
  A phantom (D)
  3 rats (D)
45 creatures vanquished.

Vanquished Creatures (others)
  2 hydras (D)
  21 foxfires (D)
  6 plants (D)
29 creatures vanquished.

Grand Total: 74 creatures vanquished

Notes
Turn   | Place    | Note
-------+----------+-------------------------------------------
     0 | D        | mhtbhm the Deep Elf Fire Elementalist began the quest for
                  | the Orb.
     0 | D        | Reached XP level 1. HP: 10/10 MP: 6/6
    88 | D        | Noticed Jessica
    94 | D        | Killed Jessica
    95 | D        | Reached skill level 4 in Spellcasting
    95 | D        | Reached skill level 5 in Fire Magic
    95 | D        | Reached XP level 2. HP: 15/15 MP: 2/9
   164 | D        | Learned a level 2 spell: Scorch
   169 | D        | Reached XP level 3. HP: 19/19 MP: 3/11
   256 | D        | Reached skill level 5 in Spellcasting
   279 | D        | Gained mutation: You have hidden genetic defects. [potion
                  | of mutation]
   280 | D        | Lost mutation: You have hidden genetic defects. [potion of
                  | mutation]
   280 | D        | Gained mutation: You sometimes lose your temper in combat.
                  | [potion of mutation]
   280 | D        | Gained mutation: You occasionally lose the ability to read
                  | scrolls when taking damage. [potion of mutation]
   280 | D        | Gained mutation: You are clumsy. (Dex -2) [potion of
                  | mutation]
   283 | D        | Lost mutation: You are clumsy. (Dex -2) [potion of
                  | mutation]
   283 | D        | Lost mutation: You sometimes lose your temper in combat.
                  | [potion of mutation]
   283 | D        | Lost mutation: You occasionally lose the ability to read
                  | scrolls when taking damage. [potion of mutation]
   283 | D        | Gained mutation: Your system is resistant to poisons.
                  | (rPois) [potion of mutation]
   283 | D        | Gained mutation: You occasionally shout uncontrollably at
                  | your foes. [potion of mutation]
   303 | D        | Noticed a water elemental
   306 | D        | Killed a water elemental
   307 | D        | Reached skill level 6 in Spellcasting
   307 | D        | Reached XP level 4. HP: 24/24 MP: 5/14
   374 | D        | Found a radiant altar of Vehumet.
   374 | D        | Found a shimmering blue altar of Sif Muna.
   374 | D        | Found an ancient bone altar of Kikubaaqudgha.
   374 | D        | Noticed a wizard
   378 | D        | Killed a wizard
   379 | D        | Reached skill level 7 in Spellcasting
   380 | D        | Reached XP level 5. HP: 28/28 MP: 6/17
   389 | D        | Became a worshipper of Vehumet
   394 | D        | Learned a level 3 spell: Conjure Flame
   398 | D        | Learned a level 3 spell: Inner Flame
   403 | D        | Learned a level 4 spell: Flame Wave
   409 | D        | Learned a level 5 spell: Fireball
   450 | D        | Found a basalt altar of Yredelemnul.
   450 | D        | Found a shadowy altar of Dithmenos.
   450 | D        | Found a sacrificial altar of Ru.
   452 | D        | Reached skill level 8 in Spellcasting
   454 | D        | Reached skill level 5 in Stealth
   454 | D        | Reached skill level 9 in Spellcasting
   497 | D        | Found a glowing silver altar of Zin.
   497 | D        | Found a glowing golden altar of the Shining One.
   497 | D        | Found a white marble altar of Elyvilon.
   497 | D        | Noticed a deep elf pyromancer
   499 | D        | Noticed a fire elemental
   507 | D        | Killed a deep elf pyromancer
   507 | D        | Reached * piety under Vehumet
   507 | D        | Offered knowledge of Shock by Vehumet.
   508 | D        | Reached skill level 5 in Dodging
   508 | D        | Reached skill level 13 in Spellcasting
   508 | D        | Reached XP level 6. HP: 7/33 MP: 3/24
   508 | D        | Reached XP level 7. HP: 8/37 MP: 3/25
   758 | D        | Found a hide-covered altar of Uskayaw.
   758 | D        | Found an iron altar of Okawaru.
   758 | D        | Found a bloodstained altar of Trog.
   758 | D        | Found an ornate altar of the Wu Jian Council.
   758 | D        | Noticed a human
   758 | D        | Noticed a human
   763 | D        | Killed a human
   763 | D        | Killed a human
   764 | D        | Reached skill level 14 in Spellcasting
   764 | D        | Reached skill level 5 in Conjurations
   818 | D        | Noticed a shadow
   822 | D        | Killed a shadow
   822 | D        | Reached ** piety under Vehumet
   822 | D        | Offered knowledge of Poisonous Vapours by Vehumet.
   823 | D        | Reached XP level 8. HP: 28/42 MP: 19/28
   928 | D        | Found a blossoming altar of Fedhas.
   928 | D        | Found a stormy altar of Qazlal.
   929 | D        | Found a snail-covered altar of Cheibriados.
   929 | D        | Found a burning altar of Makhleb.
   929 | D        | Found a hazy altar of Hepliaklqana.
   929 | D        | Found a shimmering altar of Xom.
   929 | D        | Found an opulent altar of Gozag.
   929 | D        | Found a sparkling altar of Nemelex Xobeh.
   929 | D        | Found a corrupted altar of Lugonu.
   929 | D        | Found a viscous altar of Jiyva.
   941 | D        | Reached skill level 15 in Spellcasting
  1081 | D        | Learned a level 2 spell: Poisonous Vapours
  1088 | D        | Learned a level 6 spell: Starburst
  1097 | D        | Learned a level 8 spell: Ignition
  1112 | D        | Offered knowledge of Mephitic Cloud by Vehumet.
  1113 | D        | Reached *** piety under Vehumet
  1215 | D        | Noticed a two-headed ogre
  1230 | D        | Killed a two-headed ogre
  1231 | D        | Reached skill level 16 in Spellcasting
  1246 | D        | Noticed Erolcha
  1246 | D        | Noticed a two-headed ogre
  1250 | D        | Killed a two-headed ogre
  1251 | D        | Reached XP level 9. HP: 14/46 MP: 5/31
  1251 | D        | Killed Erolcha
  1251 | D        | Reached **** piety under Vehumet
  1252 | D        | Reached skill level 17 in Spellcasting
  1252 | D        | Reached skill level 15 in Fire Magic
  1253 | D        | Reached skill level 18 in Spellcasting
  1341 | D        | Offered knowledge of Iskenderun's Mystic Blast by Vehumet.
  1477 | D        | Learned a level 4 spell: Iskenderun's Mystic Blast
  1482 | D        | Noticed a wandering mushroom
  1486 | D        | Noticed a wandering mushroom
  1490 | D        | Killed a wandering mushroom
  1490 | D        | Offered knowledge of Sticky Flame by Vehumet.
  1514 | D        | Noticed a wandering mushroom
  1517 | D        | Killed a wandering mushroom
  1517 | D        | Reached ***** piety under Vehumet
  1524 | D        | Killed a wandering mushroom
  1533 | D        | Reached skill level 19 in Spellcasting
  1571 | D        | Identified the +5 scale mail of the Blind Marksman {Fly rF+
                  | rN+}
  1599 | D        | Noticed a cane toad
  1599 | D        | Noticed a komodo dragon
  1599 | D        | Noticed a cane toad
  1601 | D        | Killed a komodo dragon
  1601 | D        | Killed a cane toad
  1602 | D        | Reached skill level 1 in Fighting
  1602 | D        | Reached XP level 10. HP: 31/52 MP: 27/35
  1603 | D        | Killed a cane toad
  1603 | D        | Reached ****** piety under Vehumet
  1604 | D        | Reached skill level 20 in Spellcasting
  1604 | D        | Killed a six-headed hydra
  1636 | D        | Offered knowledge of Spellforged Servitor by Vehumet.
  1723 | D        | Killed a seven-headed hydra
  1984 | D        | Noticed a lindwurm
  2008 | D        | Reached skill level 21 in Spellcasting
  2029 | D        | Offered knowledge of Irradiate by Vehumet.
  2184 | D        | Noticed an elephant
  2184 | D        | Noticed an elephant
  2185 | D        | Noticed a dire elephant
  2185 | D        | Noticed a dire elephant
  2190 | D        | Slain by a dire elephant

Illustrated notes

Levels and vault maps discovered:
D:        dungeon_sprint_mu [sprint_mu_entry_cave, sprint_mu_temple_rooms,
          sprint_mu_d1_spiders, sprint_mu_d2_genie, sprint_mu_d3_branching,
          sprint_mu_orc_legion, sprint_mu_elf_gauntlet, sprint_mu_hive_nellie,
          sprint_mu_lair_fedhas, sprint_mu_vaults_butterflies,
          sprint_mu_slime_circle, sprint_mu_swamp_cave, sprint_mu_shoals_kraken,
          sprint_mu_blade_basic, sprint_mu_crypt_fortress,
          sprint_mu_tomb_spiral, sprint_mu_vestibule_basic,
          sprint_mu_gehenna_hellfire, sprint_mu_dis_giant,
          sprint_mu_tartarus_statrot, sprint_mu_cocytus_islands, sprint_mu_zot1]

Skill      XL: |  1  2  3  4  5  6  7  8  9 10 |
---------------+-------------------------------+-----
Fire Magic     | 5 7 8 11 12 14 16 17 | 17.9
Dodging        | 3 4 5 6 |  6.0
Stealth        | 3 4 5 |  5.5
Spellcasting   | 4 6 7 13 14 16 19 21 | 21.6
Conjurations   | 2 4 5 6 9 |  9.2
Fighting       | 1 |  1.2

Action                   |  1- 3 |  4- 6 |  7- 9 | 10-12 || total
-------------------------+-------+-------+-------+-------++-------
Melee: Unarmed           |       |       |     4 |       ||     4
 Cast: Foxfire           |     8 |     2 |     5 |       ||    15
       Scorch            |     8 |    11 |    26 |    35 ||    80
       Fireball          |       |     1 |    18 |       ||    19
       Flame Wave        |       |       |     2 |     1 ||     3
  Use: Potion            |     3 |     1 |     1 |     2 ||     7
Armor: Robe              |       |     4 |       |     6 ||    10
Dodge: Dodged            |       |     5 |     1 |    11 ||    17

Table legend: (Time is in decaauts)
 A = Elapsed time spent in this place.
 B = Non-inter-level travel time spent in this place.
 C = Inter-level travel time spent in this place.
 D = Time resting spent in this place.
 E = Time spent auto-exploring this place.
 F = Levels seen in this place.
 G = Mean time per level.
                   A        B        C        D        E       F      G
               +--------+--------+--------+--------+--------+-----+--------+
         Total |   2184 |   2184 |      0 |   1588 |     52 |   1 | 2184.0 |
       Dungeon |   2184 |   2184 |      0 |   1588 |     52 |   1 | 2184.0 |
               +--------+--------+--------+--------+--------+-----+--------+

Top non-repeatable levels by time:
       D: 2184 daAuts
